 Dungeon Sprint DCSS version 0.27.1-33-g824d729ab1 (webtiles) character file.

Game seed: 1149473488211693681

1240 manyhoops the Devastator (level 8, -2/41 HPs)
             Began as a Deep Elf Conjurer on Dec 8, 2021.
             Was a Follower of Sif Muna.
             Slain by Sonja (3 damage)
             ... in the Dungeon (Sprint I: "Red Sonja").
             The game lasted 00:03:41 (1121 turns).

manyhoops the Devastator (Deep Elf Conjurer)        Turns: 1121, Time: 00:03:43

Health: -2/41      AC:  2    Str:  4    XL:     8   Next: 25%
Magic:  18/23      EV: 12    Int: 26    God:    Sif Muna [*.....]
Gold:   229        SH:  0    Dex: 16    Spells: 11/25 levels left

rFire    . . .     SeeInvis .   h - +7 dagger "Xivaupla" {freeze, Dex+3}
rCold    . . .     Faith    .   (no shield)
rNeg     . . .     Spirit   .   a - +0 robe
rPois    .         Reflect  .   (no helmet)
rElec    .         Harm     .   (no cloak)
rCorr    .         Rampage  .   (no gloves)
Will     .....     NoTele   +   (no boots)
Stlth    ++........             (no amulet)
HPRegen  0.13/turn              (no ring)
MPRegen  0.18/turn              (no ring)

@: no status effects
A: no striking features
a: Renounce Religion, Channel Magic


You were in the Dungeon.
You worshipped Sif Muna.
Sif Muna was aware of your devotion.
You visited 1 branch You collected 418 gold pieces.
You spent 189 gold pieces at shops.

Inventory:

Hand Weapons
 h - the +7 dagger "Xivaupla" (weapon) {freeze, Dex+3}
   (You bought it in a shop in the Dungeon)

   It freezes those it strikes, dealing additional cold damage.
   It can also slow down cold-blooded creatures.
   Dex:       It affects your dexterity (+3).
Armour
 a - a +0 robe (worn)
Wands
 c - a wand of polymorph (6)
Scrolls
 b - a scroll of enchant weapon {unknown}
 g - a scroll of blinking
Potions
 d - a potion of haste
 e - a potion of magic
 f - a potion of lignification {unknown}


   Skills:
 - Level 2.4 Dodging
 - Level 2.4 Stealth
 + Level 9.4 Spellcasting
 + Level 17.6 Conjurations


You had 11 spell levels left.
You knew the following spells:

 Your Spells              Type           Power      Damage    Failure   Level
a - Magic Dart            Conj           100%       1d8       0%          1
b - Searing Ray           Conj           100%       3d7       0%          2
c - Dazzling Flash        Conj/Hex       100%       N/A       1%          3
d - Fulminant Prism       Conj/Hex       27%        3d14      1%          4
e - Iskenderun's Mystic   Conj/Tloc      55%        2d12      1%          4

Your spell library contained the following spells:

 Spells                   Type           Power      Damage    Failure   Level


Dungeon Overview and Level Annotations

Branches:
Dungeon (1/1)

Altars:
Cheibriados
Dithmenos
Elyvilon
Fedhas
Gozag
Hepliaklqana
Kikubaaqudgha
Makhleb
Nemelex Xobeh
Okawaru
Qazlal
Ru
Sif Muna
Trog
Uskayaw
Vehumet
Wu Jian
Xom
Yredelemnul
Zin
The Shining One
Jiyva
Lugonu

Shops:
D (

Annotations:
D Sonja


Message History

Casting: Searing Ray (safe; 0% risk of failure)
Confirm with . or Enter, or press ? or * to list all spells.
Aiming: Searing Ray (safe; 0% risk of failure)
Press: ? - help, Shift-Dir - straight line, f - Sonja
Aim: Sonja, wielding a +2 dagger of distortion and quivering curare-tipped darts (asleep, 100% to hit)
The searing ray hits Sonja!
Sonja is heavily wounded.
Sonja shouts! (Press . to maintain the ray.) Sonja throws a curare-tipped dart.
The curare-tipped dart barely misses you.
The searing ray hits Sonja!
Sonja is almost dead.
Sonja gestures wildly while chanting.
Sonja looks slightly unstable.
Sonja casts a spell.
Sonja blinks!
Unknown command.
The searing ray misses Sonja.
Sonja hits you with a +2 dagger of distortion.
Sonja closely misses you.
Sonja hits you with a +2 dagger of distortion.
Space bends around you.
Unknown command.
Casting: Searing Ray (safe; 0% risk of failure)
Confirm with . or Enter, or press ? or * to list all spells.
Okay, then.
The searing ray misses Sonja.
You finish channeling your searing ray.
Sonja twirls her cape.
Sonja hits you with a +2 dagger of distortion.
Space warps horribly around you! Sonja hits you but does no damage.
Space bends around you.
* * * LOW HITPOINT WARNING * * *
Sonja hits you with a +2 dagger of distortion.
* * * LOW HITPOINT WARNING * * *
Space bends around you.
* * * LOW HITPOINT WARNING * * *
Sonja barely misses you.
Sonja hits you with a +2 dagger of distortion.
You die...

##########################
#<.#..)..#..'..#__#..)...#
#..)..#..').#..'..'..#
#..#####'#####'#__####
#..####..#...#.####
#..#__####..##.#
#..#_____##'#_.+
#⌠⌠#_.∩...'..._#
####_..__##_@#'#
#_____###K#.# #######
#.### $.$ $.$ ##.## #+#


You could see Sonja.

Vanquished Creatures
  2 kobold demonologists (D)
  A slime creature (D)
  Sigmund (D)
  A yak (D)
  A floating eye (D)
  An ogre (D)
  A jelly (D)
  Ijyb (D)
9 creatures vanquished.

Vanquished Creatures (others)
  3 hornets (D)
  A fulminant prism (D)
4 creatures vanquished.

Grand Total: 13 creatures vanquished

Notes
Turn   | Place    | Note
-------+----------+-------------------------------------------
     0 | D        | manyhoops the Deep Elf Conjurer began the quest for the
                  | Orb.
     0 | D        | Reached XP level 1. HP: 10/10 MP: 6/6
     1 | D        | Noticed Ijyb
    17 | D        | Killed Ijyb
    18 | D        | Reached skill level 7 in Conjurations
    18 | D        | Reached XP level 2. HP: 2/15 MP: 2/8
   282 | D        | Learned a level 2 spell: Searing Ray
   285 | D        | Noticed an ogre
   288 | D        | Killed an ogre
   289 | D        | Reached skill level 10 in Conjurations
   289 | D        | Reached XP level 3. HP: 18/19 MP: 4/11
   289 | D        | Reached XP level 4. HP: 23/24 MP: 4/12
   359 | D        | Noticed Sigmund
   367 | D        | Killed Sigmund
   368 | D        | Reached skill level 13 in Conjurations
   368 | D        | Reached XP level 5. HP: 26/28 MP: 6/15
   368 | D        | Reached XP level 6. HP: 30/32 MP: 6/17
   454 | D        | Found an ornate altar of the Wu Jian Council.
   454 | D        | Found a shimmering blue altar of Sif Muna.
   456 | D        | Found a radiant altar of Vehumet.
   481 | D        | Learned a level 3 spell: Dazzling Flash
   486 | D        | Learned a level 4 spell: Fulminant Prism
   491 | D        | Learned a level 4 spell: Iskenderun's Mystic Blast
   493 | D        | Found Uqunett's Antique Weapon Emporium.
   493 | D        | Found an ancient bone altar of Kikubaaqudgha.
   493 | D        | Found a hazy altar of Hepliaklqana.
   493 | D        | Found a stormy altar of Qazlal.
   493 | D        | Found a hide-covered altar of Uskayaw.
   493 | D        | Found a blossoming altar of Fedhas.
   493 | D        | Found a bloodstained altar of Trog.
   493 | D        | Found an iron altar of Okawaru.
   493 | D        | Found a basalt altar of Yredelemnul.
   493 | D        | Found a glowing golden altar of the Shining One.
   493 | D        | Found a snail-covered altar of Cheibriados.
   493 | D        | Found a sacrificial altar of Ru.
   493 | D        | Found a glowing silver altar of Zin.
   493 | D        | Found a shadowy altar of Dithmenos.
   493 | D        | Found a white marble altar of Elyvilon.
   493 | D        | Noticed a yak
   505 | D        | Killed a yak
   506 | D        | Reached skill level 14 in Conjurations
   789 | D        | Found an opulent altar of Gozag.
   804 | D        | Became a worshipper of Sif Muna the Loreminder
   809 | D        | Found a sparkling altar of Nemelex Xobeh.
   813 | D        | Bought a bloodstained dagger for 189 gold pieces
   813 | D        | Identified the +7 dagger "Xivaupla" {freeze, Dex+3} (You
                  | bought it in a shop in the Dungeon)
   832 | D        | Found a burning altar of Makhleb.
   832 | D        | Found a viscous altar of Jiyva.
   832 | D        | Found a shimmering altar of Xom.
   832 | D        | Found a corrupted altar of Lugonu.
   832 | D        | Noticed a slime creature
   837 | D        | Killed a hornet
   842 | D        | Killed a slime creature
   843 | D        | Reached skill level 15 in Conjurations
   843 | D        | Reached XP level 7. HP: 21/36 MP: 16/20
   853 | D        | Killed a hornet
   982 | D        | Noticed a kobold demonologist
   987 | D        | Killed a kobold demonologist
   987 | D        | Reached * piety under Sif Muna
   987 | D        | Noticed a kobold demonologist
   988 | D        | Reached skill level 16 in Conjurations
   991 | D        | Killed a hornet
   992 | D        | Killed a kobold demonologist
   993 | D        | Reached skill level 17 in Conjurations
   993 | D        | Reached XP level 8. HP: 41/41 MP: 2/23
  1117 | D        | Noticed Sonja
  1121 | D        | HP: 2/41 [Sonja (6)]
  1121 | D        | Slain by Sonja

Illustrated notes

Levels and vault maps discovered:
D:        dungeon_sprint_1 [red_sonja_temple_1, red_sonja_temple_small_1]

Skill      XL: |  1  2  3  4  5  6  7 |
---------------+----------------------+-----
Conjurations   | 7 10 13 15 17 | 17.6
Spellcasting   | 4 6 7 9 |  9.4
Dodging        | |  2.4
Stealth        | |  2.4

Action                   |  1- 3 |  4- 6 |  7- 9 || total
-------------------------+-------+-------+-------++-------
Melee: Unarmed           |     9 |       |       ||     9
 Cast: Magic Dart        |     5 |       |     1 ||     6
       Searing Ray       |     1 |     8 |     4 ||    13
       Iskenderun's Myst |       |     4 |     2 ||     6
       Fulminant Prism   |       |     1 |       ||     1
  Use: Potion            |     2 |     3 |       ||     5
Armor: Robe              |       |       |     1 ||     1
Dodge: Dodged            |     5 |     3 |     4 ||    12
